 Dungeon Crawl Stone Soup version 0.18.1-48-g4cf74bf (webtiles) character file.

1446 GameOver the Transmogrifier (level 8, -4/64 HPs)
             Began as a Naga Transmuter on Sept 11, 2016.
             Was a Follower of Okawaru.
             Slain by an orc warrior
             ... wielding a +0 bardiche
              (28 damage)
             ... in a bailey.
             The game lasted 00:33:55 (5358 turns).

GameOver the Transmogrifier (Naga Transmuter)       Turns: 5358, Time: 00:33:56

Health: -4/64      AC:  2    Str: 13    XL:     8   Next: 75%
Magic:  11/14      EV: 14    Int: 16    God:    Okawaru [*.....]
Gold:   475        SH:  0    Dex: 16    Spells: 5 memorised, 0 levels left

rFire  . . .     SeeInvis +       - Unarmed
rCold  . . .     Gourm    .     (armour currently unavailable)
rNeg   . . .     Faith    .     (shield currently unavailable)
rPois  x         Spirit   .     (helmet currently unavailable)
rElec  .         Dismiss  .     (cloak currently unavailable)
rCorr  .         Reflect  .     (gloves currently unavailable)
SustAt .         Harm     .     (no barding)
MR     +....                    s - amulet of regeneration
Stlth  +.........               (no ring)
                                q - ring of wizardry

@: short of breath, spider-form, somewhat resistant to hostile enchantments,
very unstealthy
A: see invisible, (deformed body), (poison resistance), (slowness 0), slow
metabolism 1, spit poison 2, AC +2
a: Spit Poison, End Transformation, Heroism, Renounce Religion


You were in a bailey.
You worshipped Okawaru.
Okawaru was aware of your devotion.
You were not hungry.
You were a venomous arachnid creature.
You visited 2 branches of the dungeon, and saw 8 of its levels.
You also visited: Bailey.

You collected 475 gold pieces.

Inventory:

Hand Weapons
 w - a +2 dagger of venom
 E - a +1 falchion of holy wrath
Missiles
 a - 49 arrows
 m - a throwing net (quivered)
Armour
 F - a +3 leather armour of magic resistance (melded)
Magical Staves
 t - an uncursed staff of summoning
Jewellery
 q - a ring of wizardry (left front leg)
 s - an amulet of regeneration (around neck)
Wands
 p - a wand of digging (9/24)
 x - a wand of lightning (0/15)
 B - a wand of disintegration (7/24)
Scrolls
 b - 2 scrolls of recharging {unknown}
 e - 5 scrolls of enchant armour
 k - a scroll of enchant weapon {unknown}
 l - 5 scrolls of remove curse
 n - 2 scrolls of magic mapping {unknown}
 y - 2 scrolls of amnesia {unknown}
 A - 2 scrolls of random uselessness {unknown}
Potions
 g - a potion of heal wounds
 j - 2 potions of curing
 o - 4 potions of flight
 v - 4 potions of haste
 z - 2 potions of cure mutation
 D - a potion of magic {unknown}
Books
 c - a book of Changes

   Spells                             Type                      Level
   a - Beastly Appendage              Transmutation                1
   b - Sticks to Snakes               Transmutation                2
   c - Spider Form                    Transmutation/Poison         3
   d - Ice Form                       Ice/Transmutation            4
   e - Blade Hands                    Transmutation                5
Comestibles
 d - 5 bread rations
 h - 3 chunks of flesh
 i - 4 fruits
 r - 2 slices of pizza
 u - 2 meat rations


   Skills:
 - Level 1.0 Fighting
 - Level 1.5 Dodging
 + Level 5.2 Unarmed Combat
 - Level 4.0 Spellcasting
 * Level 8.0 Transmutations
 - Level 5.0 Poison Magic


You couldn't memorise any spells.
You knew the following spells:

 Your Spells              Type           Power        Failure   Level  Hunger
a - Beastly Appendage     Trmt           ####..       1%          1    None
b - Sticks to Snakes      Trmt           ####....     1%          2    ##.....
c - Spider Form           Trmt/Pois      ###.......   4%          3    ###....
d - Blade Hands           Trmt           ####......   16%         5    ######.
e - Ice Form              Ice/Trmt       ###.....     26%         4    ####...


Dungeon Overview and Level Annotations

Branches:
Dungeon (7/15)             Temple (1/1) D:6

Altars:
Ashenzari
Elyvilon
Fedhas
Gozag
Kikubaaqudgha
Makhleb
Okawaru
Pakellas
Qazlal
Ru
Trog
Vehumet
Xom
Yredelemnul
Zin


Innate Abilities, Weirdness & Mutations

You cannot wear boots.
((Your serpentine skin is tough (AC +2).))
You have supernaturally acute eyesight.
((Armour fits poorly on your strangely shaped body.))
((Your system is resistant to poisons.))
((You cover ground very slowly.))
You have a slow metabolism.
You can spit poison.


Message History

The orc warrior appears unharmed.
The orc warrior is severely wounded.
You feel slightly more hungry.
Casting: Spider Form
Confirm with . or Enter, or press ? or * to list all spells.
You turn into a venomous arachnid creature.
Your +3 leather armour of magic resistance melds into your body.
You feel less resistant to hostile enchantments.
The orc warrior barely misses you.
Drink which item? (? for menu, Esc to quit)
Okay, then.
The orc warrior shoots a bolt.
The bolt completely misses you.
You see here a bolt.
You hit the orc warrior.
The orc warrior is severely wounded.
The orc warrior hits you with a bardiche!
Unknown command.
There is a gate leading back out of this place here.
The orc warrior hits you from afar with a bardiche!!
You die...

### ##s## #§(§#
#o.§# .......≈
o≈.......≈oo
≈o≈≈.......≈≈o≈
≈≈≈..#...#..≈≈≈
....##...##....
#### ##∩## ####


You could see an orc warrior.

Vanquished Creatures
  Eustachio (D:6)
  A phantom (D:6)
  A sky beast (D:6)
  An ogre (D:6)
  A giant frog (D:5)
  A scorpion (D:5)
  A howler monkey (D:4)
  3 crimson imps
  A jelly (D:6)
  4 hounds
  6 orc wizards
  A centaur skeleton (D:5)
  A giant frog skeleton (D:5)
  Ijyb (D:3)
  2 worker ants (D:5)
  A hound zombie (D:5)
  A worker ant zombie (D:6)
  6 gnolls
  7 adders
  A shadow imp (D:6)
  2 oozes
  An adder zombie (D:5)
  An adder skeleton (D:4)
  5 worms
  2 dart slugs (D:1)
  3 giant geckos
  22 orcs
  3 ball pythons
  11 giant cockroaches
  6 goblins
  4 hobgoblins
  6 jackals (D:1)
  4 quokkas
  4 bats
  11 giant newts
  A jackal zombie (D:6)
  3 kobolds
  A quokka zombie (D:5)
  4 rats
136 creatures vanquished.

Vanquished Creatures (collateral kills)
  An adder (D:2)
  A hobgoblin (D:2)
2 creatures vanquished.

Vanquished Creatures (others)
  A fire dragon (D:3)
  A worker ant (D:4)
  An orc (D:6)
3 creatures vanquished.

Grand Total: 141 creatures vanquished

Notes
Turn   | Place    | Note
--------------------------------------------------------------
     0 | D:1      | GameOver the Naga Transmuter began the quest for the Orb.
     0 | D:1      | Reached XP level 1. HP: 18/18 MP: 3/3
    63 | D:1      | Reached XP level 2. HP: 25/25 MP: 5/5
   122 | D:1      | Reached skill level 3 in Transmutations
   238 | D:1      | Learned a level 2 spell: Sticks to Snakes
   271 | D:1      | Reached XP level 3. HP: 15/31 MP: 4/6
   276 | D:1      | Learned a level 3 spell: Spider Form
   364 | D:1      | Reached skill level 1 in Poison Magic
   872 | D:2      | You fall through a shaft for 2 floors!
   890 | D:4      | Found a shimmering altar of Xom.
   917 | D:4      | Reached XP level 4. HP: 38/38 MP: 7/7
  1000 | D:4      | Reached skill level 4 in Transmutations
  1150 | D:3      | Reached XP level 5. HP: 39/44 MP: 6/8
  1219 | D:3      | Found an oddly glowing altar of Pakellas.
  1219 | D:3      | Noticed a fire dragon
  1238 | D:3      | Killed a fire dragon
  1355 | D:3      | Noticed Ijyb
  1361 | D:3      | Killed Ijyb
  1419 | D:3      | Found a blossoming altar of Fedhas.
  1488 | D:3      | Reached XP level 6. HP: 27/51 MP: 5/9
  1502 | D:3      | Reached skill level 5 in Transmutations
  1875 | D:3      | Reached skill level 5 in Poison Magic
  2422 | D:2      | Found a white marble altar of Elyvilon.
  3029 | D:4      | Reached XP level 7. HP: 57/57 MP: 7/10
  3571 | D:5      | Entered Level 5 of the Dungeon
  3607 | D:5      | Reached skill level 6 in Transmutations
  3768 | D:5      | Found an opulent altar of Gozag.
  4087 | D:5      | Learned a level 5 spell: Blade Hands
  4468 | D:6      | Found a staircase to the Ecumenical Temple.
  4492 | Temple   | Entered the Ecumenical Temple
  4581 | Temple   | Became a worshipper of Warmaster Okawaru
  4625 | D:6      | Reached XP level 8. HP: 64/64 MP: 10/12
  4846 | D:6      | Found an ancient bone altar of Kikubaaqudgha.
  4929 | D:6      | Noticed Eustachio
  4948 | D:6      | Reached skill level 7 in Transmutations
  4968 | D:6      | Killed Eustachio
  4968 | D:6      | Reached * piety under Okawaru
  5036 | D:6      | Reached skill level 5 in Unarmed Combat
  5238 | D:6      | Learned a level 4 spell: Ice Form
  5295 | D:6      | Reached skill level 8 in Transmutations
  5311 | D:7      | Found a flagged portal.
  5337 | Bailey   | Entered a bailey
  5358 | Bailey   | Slain by an orc warrior

Skill      XL: |  1  2  3  4  5  6  7  8 |
---------------+-------------------------+-----
Transmutations | 3 4 5 6 8 |  8.0
Poison Magic   | 2 3 4 5 |  5.0
Unarmed Combat | 4 5 |  5.2
Spellcasting   | 3 4 |  4.0
Fighting       | |  1.0
Dodging        | |  1.5

Action                   |  1- 3 |  4- 6 |  7- 9 || total
-------------------------+-------+-------+-------++-------
Melee: Unarmed           |    74 |   154 |   208 ||   436
       Headbutt          |     6 |     8 |     3 ||    17
       Punch             |     1 |     2 |       ||     3
       Hand axe          |       |    13 |       ||    13
 Cast: Beastly Appendage |    12 |    14 |     6 ||    32
       Sticks to Snakes  |     2 |       |       ||     2
       Spider Form       |       |    14 |    21 ||    35
 Abil: Spit Poison       |    31 |    55 |    24 ||   110
Evoke: Wand              |       |       |     5 ||     5
  Use: Scroll            |       |     6 |     5 ||    11
  Eat: Chunk             |     2 |    11 |     8 ||    21
       Pizza             |       |       |     1 ||     1
Armor: Robe              |    23 |       |       ||    23
       Leather armour    |       |    26 |     7 ||    33
       Skin              |       |     3 |     2 ||     5
Dodge: Dodged            |    53 |   101 |   115 ||   269
